 Dungeon Crawl Stone Soup version 0.18.1-48-g4cf74bf (webtiles) character file.

460578 terrence the Hoplite (level 24, -1/232 HPs)
             Began as a Hill Orc Fighter on July 5, 2016.
             Was a Priest of Zin.
             Slain by a quicksilver dragon simulacrum (4 damage)
             ... on level 1 of the Abyss.
             The game lasted 05:46:55 (62808 turns).

terrence the Hoplite (Hill Orc Fighter)            Turns: 62808, Time: 05:46:56

Health: -1/232     AC: 38    Str: 34    XL:     24   Next: 47%
Magic:  36/36      EV: 22    Int: 15    God:    Zin [***...]
Gold:   1373       SH: 28    Dex: 33    Spells: 0 memorised, 23 levels left

rFire  + . .     SeeInvis +     d - +6 scimitar (freeze)
rCold  + . .     Gourm    .     k - +7 plate armour {rF+}
rNeg   + . .     Faith    .     W - +0 large shield of Tiat Vos {Dex+4 SInv}
rPois  ∞         Spirit   .     e - +2 helmet
rElec  +         Dismiss  .     y - +2 cloak {rPois}
rCorr  .         Reflect  .     N - +2 pair of gloves {Dex+3}
SustAt .         Harm     .     R - +1 pair of boots "Gunuefegek" {rElec rC+ Str-3 Dex+3}
MR     +....                    r - amulet of regeneration
Stlth  ..........               Y - ring of positive energy
                                M - +6 ring of dexterity

@: lethally poisoned (-1 -> -1), vitalised, about to teleport, short of breath,
drained, somewhat resistant to hostile enchantments, extremely unstealthy
A: deterioration 1, no device heal 1
a: Recite, Vitalisation, Imprison, Donate Gold, Renounce Religion
}: 2/15 runes: decaying, gossamer


You were on level 1 of the Abyss.
You worshipped Zin.
Zin was most pleased with you.
You were not hungry.

You visited 12 branches of the dungeon, and saw 47 of its levels.
You visited Pandemonium 1 time, and saw 2 of its levels.
You visited the Abyss 4 times.
You also visited: Ossuary and Ice Cave.

You collected 5042 gold pieces.
You spent 3165 gold pieces at shops.
You donated 504 gold pieces to Zin.

Inventory:

Hand Weapons
 d - a +6 scimitar of freezing (weapon)
 q - a +4 long sword of holy wrath
 C - a +3 scimitar of flaming
Armour
 e - a +2 helmet (worn)
 k - a +7 plate armour of fire resistance (worn)
 y - a +2 cloak of poison resistance (worn)
 N - a +2 pair of gloves of dexterity (worn)
 R - the +1 pair of boots "Gunuefegek" (worn) {rElec rC+ Str-3 Dex+3}
   (You found it on level 6 of the Lair of Beasts)

   It affects your strength (-3).
   It affects your dexterity (+3).
   It protects you from cold.
   It insulates you from electricity.
 W - the +0 large shield of Tiat Vos (worn) {Dex+4 SInv}
   (You found it on level 8 of the Lair of Beasts)

   It affects your dexterity (+4).
   It lets you see invisible.
Jewellery
 c - an uncursed ring of sustain attributes
 r - an amulet of regeneration (around neck)
 L - a +5 ring of evasion
 M - a +6 ring of dexterity (left hand)
 Y - a ring of positive energy (right hand)
Wands
 h - a wand of heal wounds (0/9)
 o - a wand of paralysis (24/24)
 z - a wand of teleportation (7/9)
 H - a wand of digging (11/24)
 I - a wand of heal wounds (2/9)
 O - a wand of hasting (6/9)
 S - a wand of iceblast (3/15)
Scrolls
 b - 4 scrolls of fear
 g - 6 scrolls of magic mapping
 j - 2 scrolls of brand weapon
 n - 23 scrolls of remove curse
 p - 6 scrolls of teleportation
 s - 2 scrolls of summoning
 u - 2 scrolls of amnesia
 v - 9 scrolls of recharging
 x - 5 scrolls of fog
 D - a scroll of silence
 G - a scroll of holy word
 P - 2 scrolls of identify
 Q - 3 scrolls of blinking
Potions
 a - a potion of cancellation
 i - 4 potions of flight
 m - 5 potions of resistance
 t - 5 potions of berserk rage
 w - 10 potions of curing
 F - 3 potions of haste
 J - 3 potions of agility
 U - 2 potions of cure mutation
 X - 2 potions of ambrosia
 Z - a potion of invisibility
Miscellaneous
 T - a phial of floods
Comestibles
 f - 22 bread rations
 A - 8 meat rations
 B - 22 beef jerkies


   Skills:
 * Level 22.3(21.7) Fighting
 - Level 18.1(17.6) Long Blades
 - Level 16.7(16.2) Armour
 + Level 12.6(12.1) Dodging
 * Level 22.5(21.9) Shields
 - Level 18.7(18.1) Invocations
 - Level 5.1(4.7) Evocations


You had 23 spell levels left.
You didn't know any spells.

Dungeon Overview and Level Annotations

Branches:
Dungeon (15/15)            Temple (1/1) D:5            Lair (8/8) D:8
  Swamp (4/4) Lair:5       Spider (4/4) Lair:5        Slime (1/6) Lair:6
    Orc (2/2) D:11            Elf (2/3) Orc:2        Vaults (5/5) D:13
  Crypt (1/3) Vaults:3     Depths (3/5) D:15           Hell (1/1)
    Dis: Hell:1         Geh: Hell:1         Coc: Hell:1         Tar: Hell:1

Altars:
Ashenzari
Cheibriados
Dithmenos
Elyvilon
Fedhas
Gozag
Kikubaaqudgha
Makhleb
Nemelex Xobeh
Okawaru
Pakellas
Qazlal
Ru
Sif Muna
Trog
Vehumet
Xom
Yredelemnul
Zin
The Shining One
Beogh
Jiyva

Shops:
D:4 (   D:5 =   D:7 !   D:11 *   Orc:2 =[%:   Elf:1 =}=   Vaults:2 [[:(*

Portals:
Hell: Depths:1 Depths:2 Depths:3
Pandemonium: Depths:1 Depths:3
Ziggurat: Depths:1
Trove: Vaults:2 (give wand of hasting (9))

Annotations:
Swamp:2 exclusion: Roxanne, Roxanne
Spider:4 Arachne
Vaults:2 Mara
Vaults:5 Saint Roka
Hell Geryon


Innate Abilities, Weirdness & Mutations

Your body sometimes deteriorates upon taking damage.
Potions and wands are less effective at restoring your health.


Message History

The starcursed mass engulfs you but does no damage.
Evoke which item? (* to show all) (? for menu, Esc to quit)
Zapping:
I - a wand of heal wounds (3/9)
Press: ? - help, Shift-Dir - straight line, f - you You feel much better.
This wand has 2 charges left.
You block the thrashing horror's attack. x2
The quicksilver dragon simulacrum misses you.
The quicksilver dragon simulacrum claws you.
* * * LOW HITPOINT WARNING * * *
The quicksilver dragon simulacrum freezes you!!
You resist.
* * * LOW HITPOINT WARNING * * *
The ancient lich gestures at you while chanting.
Your divine stamina protects you from confusion!
The Tzitzimitl gestures at you. The bolt of cold misses you.
You block the green death's attack.
A starcursed mass splits.
You block the quicksilver dragon simulacrum's attack.
The quicksilver dragon simulacrum claws you.
You die...

. . . .. . . ...
........ ......
....... ....... .
#......##...... ..
. #......##......
....
.................
.... .
.........X........w
. .......L.X.......
...
......G1@.X.......
.
.......X2Z........
.......xY..........
. #.....2##......#
§. #...... ......#
. .
..................
. . ........ ......
. .
.................x
. . ....... .....
...§ .


You could see a hellephant, 3 starcursed masses, an ancient lich (invisible), a
Tzitzimitl, 2 green deaths, a giant orange brain (dazed), a thrashing horror, a
small abomination and a quicksilver dragon simulacrum.

Vanquished Creatures
  Mennas (Depths:2)
  An ancient lich (Vaults:4)
  Sojobo (Vaults:2)
  A caustic shrike (Depths:2)
  Nikola (Depths:2)
  A golden dragon (Depths:2)
  The ghost of Belterius the Executioner, an adept MiBe of Trog (Depths:3)
  Jorgrun (Swamp:2)
  3 liches
  An Ice Fiend (Pan)
  A tentacled monstrosity (Depths:2)
  A quicksilver dragon (Depths:2)
  2 sphinxes
  Asterion (Depths:2)
  7 tentacled starspawn
  2 Executioners (Pan)
  2 thorn hunters (Swamp:2)
  Kirke (Lair:5)
  A storm dragon (Vaults:4)
  2 tengu reavers
  Wiglaf (Depths:3)
  An azure jelly (Lair:6)
  7 ghost moths
  4 fire giants
  3 cacodemons
  15 vault wardens
  5 corrupters (Pan)
  4 frost giants
  4 balrugs (Pan)
  Aizul (Swamp:1)
  A warmonger (Pan)
  2 deep elf sorcerers
  5 emperor scorpions
  A war gargoyle (Vaults:4)
  2 spriggan defenders
  2 very ugly things
  15 stone giants
  7 ironheart preservers
  2 blood saints (Pan)
  A deep elf demonologist (Abyss:2)
  Nessos (Lair:8)
  2 chaos champions (Pan)
  2 deep elf annihilators
  3 spark wasps
  A lorocyproca (Pan)
  3 death oozes (Depths:1)
  2 deep elf death magi
  Snorg (Lair:5)
  10 ettins
  8 fire dragons
  17 vault guards
  3 blizzard demons
  A jiangshi (Vaults:3)
  7 rakshasas
  7 yaktaur captains
  4 entropy weavers
  6 ice dragons
  13 great orbs of eyes
  Harold (Lair:1)
  24 hydras
  2 monstrous demonspawn (Pan)
  A ghost crab (shapeshifter) (Depths:2)
  6 centaur warriors
  10 alligators
  3 ghost crabs
  7 ogre magi
  2 death knights
  7 deep troll shamans
  3 tengu warriors
  27 dancing weapons
  5 deep troll earth magi
  2 vampire magi
  4 orc high priests
  A soul eater (Pan)
  10 death yaks
  5 spriggan berserkers (Depths:2)
  2 thrashing horrors (Abyss:2)
  22 deep elf knights
  4 wretched stars
  2 fire crabs (Vaults:4)
  11 sun demons (Pan)
  3 iron trolls
  Nergalle (Lair:1)
  A death drake (shapeshifter) (D:13)
  5 skeletal warriors (D:13)
  4 shadow wraiths
  4 wizards
  4 unseen horrors
  14 deep trolls
  A giant orange brain (shapeshifter) (Vaults:2)
  2 spriggan druids
  A shadow demon (Pan)
  A flayed ghost (Vaults:4)
  8 swamp dragons
  The ghost of TBriggs11TB the Grappler, a novice MiMo of Okawaru (D:7)
  A phantasmal warrior (Crypt:1)
  A tengu zombie (Vaults:3)
  3 shambling mangroves (Swamp:4)
  A gelid demonspawn (Pan)
  11 hill giants
  15 deep elf archers
  6 torturous demonspawn (Pan)
  3 necromancers
  An orb spider (shapeshifter) (D:14)
  2 putrid demonspawn
  14 hornets
  18 large abominations
  15 orc knights
  13 ironbrand convokers
  24 orb spiders
  A wolf spider zombie (D:13)
  23 ugly things
  4 manticores
  A stone giant zombie (Vaults:1)
  6 orc sorcerers
  A hornet (shapeshifter) (Depths:1)
  5 cyclopes
  44 deep elf magi
  32 wolf spiders
  5 griffons
  27 elephants
  7 worldbinders
  A shining eye (Abyss:2)
  An octopode (shapeshifter) (Depths:1)
  3 moths of wrath
  5 sixfirhies
  3 centaur zombies
  13 vault sentinels
  3 torpor snails (Spider:1)
  4 black mambas
  4 rust devils
  An apocalypse crab (Swamp:4)
  4 orange demons
  16 spiny frogs
  2 yaktaur zombies (Vaults:1)
  An ice statue (IceCv)
  3 centaur skeletons
  A gargoyle (D:10)
  6 smoke demons
  8 kobold demonologists
  11 komodo dragons
  33 yaktaurs
  2 ice devils
  9 rime drakes
  2 efreet
  5 freezing wraiths
  4 hellwings
  16 demonic crawlers
  A purple draconian skeleton (Crypt:1)
  5 red devils
  3 ancient zymes (Abyss:2)
  19 polar bears
  8 trolls
  50 jumping spiders
  4 jumping spiders (shapeshifter)
  Grinder (D:6)
  6 giant leeches
  21 two-headed ogres
  A wolf spider simulacrum (Crypt:1)
  18 raiju
  A blink frog (shapeshifter) (Vaults:2)
  17 blink frogs
  An ettin zombie (Vaults:1)
  58 slime creatures
  4 boulder beetles
  8 bog bodies
  A stone giant simulacrum (Abyss:2)
  An air elemental (Elf:1)
  A centaur simulacrum (D:15)
  An ettin skeleton (Vaults:3)
  12 flying skulls
  4 ynoxinuls
  31 tarantellas
  6 shadows
  An ice dragon skeleton (Abyss:2)
  A human (Vaults:3)
  61 redbacks
  59 yaks
  6 spriggans
  2 wyverns
  6 chaos spawn
  4 water elementals
  8 wraiths
  The ghost of TBriggs11TB the Poker, an amateur DrSk of Dithmenos (D:6)
  2 hungry ghosts
  4 hogs (Lair:5)
  A steam dragon (Lair:8)
  2 basilisks
  13 hippogriffs
  26 vampire mosquitoes
  The ghost of Mesmaeker13 the Ducker, an amateur MfSu (D:4)
  5 neqoxecs
  3 mottled dragons
  15 insubstantial wisps
  12 wargs
  15 swamp worms
  17 water moccasins
  3 hell hounds (Lair:8)
  41 orc warriors
  13 wasps
  10 porcupines
  11 swamp drakes
  An eye of draining (shapeshifter) (Vaults:2)
  2 necrophages
  2 phantoms
  4 sky beasts
  4 ice beasts
  An elephant zombie (Crypt:1)
  44 ogres
  2 human zombies (Vaults:3)
  11 black bears (Lair:8)
  2 eyes of draining
  18 small abominations
  31 wolves
  10 boggarts
  12 centaurs
  A swamp dragon skeleton (Crypt:1)
  A crocodile (shapeshifter) (Abyss:2)
  7 big kobolds
  21 crocodiles
  An elf zombie (Elf:1)
  20 giant frogs
  A gnoll sergeant (D:13)
  A wyvern zombie (D:13)
  A hell hound zombie (Crypt:1)
  A water moccasin zombie (D:5)
  6 scorpions
  A hell hound skeleton (Crypt:1)
  18 wights
  5 spriggan skeletons (D:9)
  9 howler monkeys
  4 electric eels
  14 crimson imps
  30 starcursed masses
  20 hounds
  A giant frog zombie (D:12)
  3 quasits
  A yaktaur simulacrum (Vaults:1)
  9 jellies
  23 orc priests
  2 gnoll shamans
  4 iron imps
  Jessica (D:2)
  3 giant frog skeletons
  Ijyb (D:2)
  Natasha (thrice) (D:2 D:4)
  9 iguanas
  22 orc wizards
  12 hell rats
  16 worker ants
  2 killer bee zombies
  6 sheep
  A felid zombie (Crypt:1)
  A hound zombie (D:10)
  An ogre skeleton (Abyss:2)
  A hound skeleton (D:10)
  2 mummies
  16 gnolls
  7 adders
  84 river rats
  3 shadow imps
  20 white imps
  An ufetubus (Abyss:2)
  6 oozes
  An adder zombie (D:6)
  2 dart slugs (D:1)
  4 giant geckos
  118 orcs
  A ball python (D:6)
  9 bats
  4 giant cockroaches
  6 goblins
  10 hobgoblins
  12 jackals
  3 quokkas
  A giant newt (D:3)
  3 gnoll skeletons (Ossuary)
  23 kobolds
  9 kobold skeletons (Ossuary)
  13 orc skeletons (Ossuary)
  A quokka skeleton (D:4)
  A quokka zombie (D:5)
  14 rats
  A fungus (Lair:8)
  2 pillars of salt
  2 plants (Lair:8)
  9 starspawn tentacles
  A starspawn tentacle segment (Abyss:1)
2305 creatures vanquished.

Vanquished Creatures (collateral kills)
  Louise (Swamp:4)
  An ironheart preserver (Vaults:3)
  A necromancer (Vaults:3)
  A smoke demon (Abyss:2)
  A raiju (Abyss:2)
  A harpy skeleton (Abyss:2)
  A yak (D:11)
  A swamp drake (Swamp:4)
  A hound (D:11)
  A white imp (Abyss:2)
10 creatures vanquished.

Vanquished Creatures (others)
  A tentacled starspawn (Abyss:2)
  A great orb of eyes (Depths:1)
  A hydra (Swamp:4)
  2 deep troll shamans (Depths:1)
  An ogre mage (Vaults:3)
  2 deep trolls (Depths:1)
  A giant orange brain (Depths:1)
  A swamp dragon (Swamp:4)
  2 ugly things (Depths:2)
  A hornet (Swamp:4)
  A spiny frog (Swamp:4)
  A demonic crawler (Pan)
  A yak (IceCv)
  3 insubstantial wisps (Swamp:4)
  2 swamp worms
  A swamp drake (Swamp:2)
  A wasp (Swamp:4)
  2 black bears (Lair:8)
  8 wolves
  A centaur (Depths:2)
  2 orc wizards
  An orc priest (D:13)
  2 small abominations (Abyss:2)
  A shadow imp (D:13)
  2 orcs (D:13)
  31 fungi
  A lost soul (Crypt:1)
  2 lurking horrors (Abyss:2)
  7 pillars of salt
  20 plants
  26 starspawn tentacles
  407 starspawn tentacle segments
536 creatures vanquished.

Grand Total: 2851 creatures vanquished

Notes
Turn   | Place    | Note
--------------------------------------------------------------
     0 | D:1      | terrence the Hill Orc Fighter began the quest for the Orb.
     0 | D:1      | Reached XP level 1. HP: 19/19 MP: 1/1
   212 | D:1      | Reached XP level 2. HP: 27/27 MP: 2/2
   488 | D:1      | Reached XP level 3. HP: 28/33 MP: 3/3
   752 | D:2      | Found a sparkling altar of Nemelex Xobeh.
   774 | D:2      | Noticed Jessica
   806 | D:2      | Killed Jessica
   806 | D:2      | Reached XP level 4. HP: 33/41 MP: 4/4
   831 | D:2      | Found a glowing golden altar of the Shining One.
   837 | D:2      | Became a worshipper of the Shining One
   909 | D:2      | Noticed Ijyb
   934 | D:2      | Killed Ijyb
   942 | D:2      | Noticed Natasha
   959 | D:2      | Killed Natasha
   959 | D:2      | Reached XP level 5. HP: 29/47 MP: 5/5
  1195 | D:2      | Noticed Natasha
  1202 | D:2      | Killed Natasha
  1208 | D:2      | Gained mutation: You have a pair of small antennae on your head. [potion of beneficial mutation]
  1293 | D:2      | Reached skill level 5 in Long Blades
  2290 | D:3      | Found a radiant altar of Vehumet.
  2300 | D:3      | Found a white marble altar of Elyvilon.
  2407 | D:4      | Noticed an ogre
  2408 | D:4      | Reached skill level 5 in Fighting
  2408 | D:4      | Reached XP level 6. HP: 55/56 MP: 6/6
  2740 | D:4      | Noticed Natasha
  2750 | D:4      | Killed Natasha
  2750 | D:4      | Reached * piety under the Shining One
  2750 | D:4      | Reached XP level 7. HP: 27/61 MP: 7/7
  2765 | D:4      | Lost mutation: You have a pair of small antennae on your head. [potion of mutation]
  2765 | D:4      | Gained mutation: You are partially covered in iridescent scales (AC +4). [potion of mutation]
  2765 | D:4      | Gained mutation: Your movements are slightly less encumbered by armour (ER -2). [potion of mutation]
  3235 | D:4      | Noticed Mesmaeker13's ghost (amateur MfSu)
  3257 | D:4      | Killed Mesmaeker13's ghost
  3257 | D:4      | Reached skill level 5 in Armour
  3260 | D:4      | Found a glowing golden altar of the Shining One.
  3281 | D:4      | Found Jioji's Antique Weapon Shoppe.
  3435 | D:5      | Entered Level 5 of the Dungeon
  3587 | D:5      | Reached XP level 8. HP: 62/71 MP: 8/8
  3602 | D:5      | Found Iseisuge's Jewellery Boutique.
  3610 | D:5      | Lost mutation: Your movements are slightly less encumbered by armour (ER -2). [potion of cure mutation]
  3610 | D:5      | Lost mutation: You are partially covered in iridescent scales (AC +4). [potion of cure mutation]
  3747 | D:5      | Found a glowing silver altar of Zin.
  4074 | D:5      | Found a shimmering altar of Xom.
  4128 | D:5      | Found a staircase to the Ecumenical Temple.
  4151 | Temple   | Entered the Ecumenical Temple
  4166 | Temple   | Fell from the grace of the Shining One
  4166 | Temple   | Became a worshipper of Zin the Law-Giver
  4166 | Temple   | Reached * piety under Zin
  4501 | D:6      | Reached skill level 1 in Invocations
  4518 | D:6      | Found an oddly glowing altar of Pakellas.
  4908 | D:6      | Noticed TBriggs11TB's ghost (amateur DrSk)
  4928 | D:6      | Killed TBriggs11TB's ghost
  5005 | D:6      | Noticed Grinder
  5056 | D:6      | Reached skill level 5 in Invocations
  5056 | D:6      | Reached XP level 9. HP: 64/79 MP: 12/12
  5090 | D:6      | Paralysed by Grinder for 7 turns
  5153 | D:6      | Paralysed by Grinder for 2 turns
  5423 | D:6      | Reached skill level 1 in Evocations
  5434 | D:6      | Reached ** piety under Zin
  6066 | D:6      | Killed Grinder
  6446 | D:7      | Noticed TBriggs11TB's ghost (novice MiMo)
  6468 | D:7      | Killed TBriggs11TB's ghost
  6515 | D:7      | Found Ubrualois's Distillery.
  6516 | D:7      | Got a shadowed robe
  6517 | D:7      | Identified the +5 robe "Fiebleoc" {rN+ Regen+ Int-3} (You found it on level 7 of the Dungeon)
  7102 | D:5      | Bought an uncursed amulet of regeneration for 300 gold pieces
  7563 | D:8      | Reached *** piety under Zin
  7612 | D:8      | Reached skill level 10 in Long Blades
  7623 | D:8      | Reached XP level 10. HP: 38/86 MP: 16/16
  7713 | D:8      | Found a sand-covered staircase.
  7725 | Ossuary  | Entered an ossuary
  7962 | Ossuary  | Reached **** piety under Zin
  8114 | D:8      | Noticed an elephant
  8562 | D:8      | Found a staircase to the Lair.
  8645 | D:8      | Killed an unseen horror
  9063 | Lair:1   | Entered Level 1 of the Lair of Beasts
  9200 | Lair:1   | Noticed a spiny frog
  9213 | Lair:1   | Killed a spiny frog
  9251 | Lair:1   | Noticed a spiny frog
  9252 | Lair:1   | Noticed a spiny frog
  9258 | Lair:1   | Killed a spiny frog
  9258 | Lair:1   | Reached XP level 11. HP: 79/97 MP: 18/18
  9264 | Lair:1   | Reached skill level 10 in Invocations
  9628 | Lair:1   | Identified a scroll of acquirement
  9866 | Lair:1   | Noticed Harold
  9867 | Lair:1   | Noticed Nergalle
  9954 | Lair:1   | Killed Harold
 10123 | Lair:1   | Killed Nergalle
 10123 | Lair:1   | Reached skill level 10 in Armour
 10123 | Lair:1   | Reached skill level 5 in Shields
 10660 | Lair:2   | Reached skill level 10 in Fighting
 10884 | Lair:2   | Reached XP level 12. HP: 66/107 MP: 17/19
 11762 | Lair:3   | Reached ***** piety under Zin
 13202 | Lair:4   | Noticed a death yak
 13209 | Lair:4   | Noticed a death yak
 13472 | Lair:4   | Reached XP level 13. HP: 116/116 MP: 20/20
 14178 | Lair:5   | Noticed Snorg
 14204 | Lair:5   | Killed Snorg
 14391 | Lair:5   | Found a hole to the Spider Nest.
 14562 | Lair:5   | Found a staircase to the Swamp.
 14870 | Lair:5   | Noticed Kirke
 14895 | Lair:5   | Killed Kirke
 15521 | D:9      | Found a shadowy altar of Dithmenos.
 15776 | D:10     | Entered Level 10 of the Dungeon
 17204 | D:11     | Reached XP level 14. HP: 114/127 MP: 22/22
 17332 | D:11     | Found a staircase to the Orcish Mines.
 17348 | Orc:1    | Entered Level 1 of the Orcish Mines
 17505 | Orc:1    | Found a roughly hewn altar of Beogh.
 17600 | Orc:1    | Found a frozen archway.
 17650 | IceCv    | Entered an ice cave
 17801 | IceCv    | Got a translucent platinum amulet
 17808 | IceCv    | Identified the amulet of Ehok {-Tele +Rage rC+ Int+4} (You found it in an ice cave)
 18383 | IceCv    | Noticed a frost giant
 18414 | IceCv    | Reached skill level 10 in Shields
 18428 | IceCv    | Killed a frost giant
 18465 | IceCv    | Reached ****** piety under Zin
 18848 | Orc:2    | Entered Level 2 of the Orcish Mines
 20047 | Orc:2    | Reached skill level 15 in Long Blades
 20050 | Orc:2    | Found Kahoodos's Jewellery Shoppe.
 20050 | Orc:2    | Found Okhitrepn's Armour Boutique.
 20052 | Orc:2    | Found Fefaew Nugus's Book Boutique.
 20052 | Orc:2    | Found Zeeji's Food Shoppe.
 20083 | Orc:2    | Bought a meat ration for 60 gold pieces
 20083 | Orc:2    | Bought a meat ration for 60 gold pieces
 20083 | Orc:2    | Bought a meat ration for 60 gold pieces
 20086 | Orc:2    | Bought a +1 cloak of poison resistance for 202 gold pieces
 20362 | Orc:2    | Found a staircase to the Elven Halls.
 20369 | Elf:1    | Entered Level 1 of the Elven Halls
 20576 | Elf:1    | Reached XP level 15. HP: 111/136 MP: 25/25
 21250 | D:11     | Found Joeno's General Store.
 21265 | D:11     | Bought a bread ration for 75 gold pieces
 21265 | D:11     | Bought a scroll of teleportation for 45 gold pieces
 21649 | Swamp:1  | Entered Level 1 of the Swamp
 23501 | D:13     | Found a gate to the Vaults.
 23778 | Spider:1 | Entered Level 1 of the Spider Nest
 24652 | Spider:1 | Reached skill level 1 in Dodging
 26574 | D:13     | Found a shadowy altar of Dithmenos.
 26803 | D:13     | Identified Fyts's Incunabulum of Harmful Curses
 27605 | D:14     | Reached XP level 16. HP: 147/147 MP: 27/27
 28068 | D:15     | Entered Level 15 of the Dungeon
 28574 | D:15     | Found a staircase to the Depths.
 29190 | Depths:1 | Entered Level 1 of the Depths
 29244 | Depths:1 | Found a gateway to a ziggurat.
 29270 | Depths:1 | Reached skill level 15 in Fighting
 29341 | Depths:1 | Reached skill level 15 in Armour
 29588 | Depths:1 | Found a one-way gate leading to the halls of Pandemonium.
 29764 | Depths:1 | Found a gateway to Hell.
 29783 | Hell     | Entered the Vestibule of Hell
 29783 | Hell     | Noticed Geryon
 29929 | Depths:1 | Paralysed by a great orb of eyes for 2 turns
 30015 | Depths:1 | Paralysed by a great orb of eyes for 3 turns
 30034 | Depths:1 | Paralysed by a great orb of eyes for 4 turns
 30600 | Swamp:1  | Noticed Aizul
 30616 | Swamp:1  | Killed Aizul
 31268 | Swamp:2  | Noticed a thorn hunter
 31274 | Swamp:2  | Noticed Jorgrun
 31285 | Swamp:2  | Killed a thorn hunter
 31559 | Swamp:2  | Killed Jorgrun
 31559 | Swamp:2  | Reached XP level 17. HP: 145/158 MP: 26/28
 32107 | Swamp:2  | Noticed Roxanne
 32541 | Swamp:2  | Reached skill level 5 in Evocations
 32611 | Swamp:3  | Got a slimy lapis lazuli ring
 32615 | Swamp:3  | Identified the ring of Orthodoxy {Int+7 SInv} (You found it on level 3 of the Swamp)
 33078 | Swamp:4  | Entered Level 4 of the Swamp
 33344 | Swamp:4  | Reached skill level 5 in Dodging
 33691 | Swamp:4  | Noticed Louise
 34022 | Swamp:4  | Cast into level 2 of the Abyss (Louise)
 34372 | Abyss:2  | Noticed a tentacled starspawn
 34442 | Abyss:2  | Killed a tentacled starspawn
 34737 | Abyss:2  | Noticed a tentacled starspawn
 34749 | Swamp:4  | Escaped the Abyss
 34771 | Swamp:4  | Cast into level 2 of the Abyss (Louise)
 34866 | Abyss:2  | Reached XP level 18. HP: 151/171 MP: 29/29
 34985 | Abyss:2  | Gained mutation: Potions and wands are less effective at restoring your health. [a neqoxec]
 34988 | Abyss:2  | Gained mutation: Your body sometimes deteriorates upon taking damage. [a neqoxec]
 35011 | Abyss:2  | Noticed a lich
 35031 | Abyss:2  | Paralysed by accursed screaming for 1 turns
 35718 | Swamp:4  | Escaped the Abyss
 35740 | Swamp:4  | Killed Louise
 36093 | Swamp:4  | Got a decaying rune of Zot
 36129 | Swamp:4  | Got a faintly glowing ring mail
 36130 | Swamp:4  | Identified the +9 ring mail of Shadows and Fog {rPois rF++ Slay-4} (You found it on level 4 of the Swamp)
 36604 | Vaults:1 | Entered Level 1 of the Vaults
 37228 | Vaults:1 | Reached skill level 10 in Dodging
 38719 | Vaults:2 | Noticed Mara
 38760 | Vaults:2 | Noticed terrence's illusion
 39101 | Vaults:2 | Reached XP level 19. HP: 180/182 MP: 30/30
 39192 | Vaults:2 | Found Utwy's General Store.
 39192 | Vaults:2 | Noticed Sojobo
 40275 | Spider:1 | Reached skill level 15 in Invocations
 42395 | Spider:4 | Entered Level 4 of the Spider Nest
 43691 | Spider:4 | Noticed Arachne
 43757 | Spider:4 | Reached XP level 20. HP: 143/195 MP: 2/32
 44043 | Spider:4 | Got a gossamer rune of Zot
 44548 | Orc:2    | Bought an uncursed ring of positive energy for 280 gold pieces
 45020 | Vaults:2 | Noticed terrence's illusion
 45596 | Lair:6   | Got a pair of jewelled boots
 45597 | Lair:6   | Identified the +1 pair of boots "Gunuefegek" {rElec rC+ Str-3 Dex+3} (You found it on level 6 of the Lair of Beasts)
 45750 | Lair:6   | Found a staircase to the Slime Pits.
 45751 | Lair:6   | Found a viscous altar of Jiyva.
 46771 | Lair:8   | Entered Level 8 of the Lair of Beasts
 46911 | Lair:8   | Noticed Nessos
 46945 | Lair:8   | Killed Nessos
 47889 | Lair:8   | Got a polished large shield
 47890 | Lair:8   | Identified the +0 large shield of Tiat Vos {Dex+4 SInv} (You found it on level 8 of the Lair of Beasts)
 48399 | Depths:1 | Paralysed by a great orb of eyes for 6 turns
 48801 | Depths:1 | Found a shattered altar of Ashenzari.
 49411 | Depths:2 | Reached XP level 21. HP: 131/205 MP: 33/33
 49512 | Depths:2 | Noticed a golden dragon
 49515 | Depths:2 | Noticed Asterion
 49530 | Depths:2 | Killed Asterion
 49543 | Depths:2 | Killed a golden dragon
 49849 | Depths:2 | Noticed a caustic shrike
 49859 | Depths:2 | Killed a caustic shrike
 50269 | Depths:2 | Noticed Nikola
 50338 | Depths:2 | Killed Nikola
 51352 | Depths:3 | Noticed Mennas
 51664 | Vaults:2 | Reached skill level 15 in Shields
 51741 | Vaults:2 | Found Ylove's Antique Armour Shoppe.
 51787 | Vaults:2 | Killed Sojobo
 51810 | Vaults:2 | Noticed terrence's illusion
 52021 | Vaults:2 | Bought a wand of heal wounds (5/9) for 918 gold pieces
 52023 | Vaults:2 | Bought a bread ration for 85 gold pieces
 52038 | Vaults:2 | Found Ropn's Book Shoppe.
 52298 | Vaults:2 | Found Zil Raa's Armour Shop.
 52420 | Vaults:2 | Found Ukloibus's Weapon Emporium.
 52462 | Vaults:2 | Found a portal to a secret trove of treasure.
 52781 | Vaults:3 | Found a staircase to the Crypt.
 53124 | Vaults:3 | Reached XP level 22. HP: 207/213 MP: 34/34
 53269 | Vaults:3 | Cast into level 2 of the Abyss (an ogre mage)
 53272 | Abyss:2  | Found a corrupted altar of Lugonu.
 53321 | Abyss:2  | Paralysed by accursed screaming for 1 turns
 53671 | Abyss:2  | Paralysed by a lich for 2 turns
 53693 | Vaults:3 | Escaped the Abyss
 54541 | Crypt:1  | Entered Level 1 of the Crypt
 56548 | Vaults:5 | Entered Level 5 of the Vaults
 56553 | Vaults:5 | Noticed an ancient lich
 56625 | Vaults:5 | Reached XP level 23. HP: 146/221 MP: 36/36
 56650 | Vaults:4 | Killed an ancient lich
 56934 | Vaults:5 | Noticed an ancient lich
 56942 | Vaults:5 | Noticed Saint Roka
 57678 | Elf:1    | Found Pekloh's Jewellery Shoppe.
 57863 | Elf:1    | Found Sen Qoo's Jewellery Emporium.
 57877 | Elf:1    | Found Buypt's Gadget Shoppe.
 57883 | Elf:1    | Bought a wand of hasting (6/9) for 1080 gold pieces
 58001 | Elf:1    | Identified the Tome of Evil
 58234 | Elf:2    | Found a runed gate.
 58234 | Elf:2    | Found a runed gate.
 58234 | Elf:2    | Found a runed gate.
 59417 | Slime:1  | Entered Level 1 of the Pits of Slime
 59961 | Depths:3 | Noticed Boris
 60041 | Depths:2 | Killed Mennas
 60218 | Depths:3 | Noticed Wiglaf
 60266 | Depths:3 | Killed Wiglaf
 60406 | Depths:3 | Noticed Belterius's ghost (adept MiBe)
 60437 | Depths:3 | Killed Belterius's ghost
 60662 | Pan      | Entered Pandemonium
 60674 | Pan      | Noticed Loukinie the pandemonium lord
 60979 | Pan      | Reached XP level 24. HP: 97/231 MP: 35/36
 61280 | Pan      | Found a huge runed gate.
 61711 | Pan      | Found an exit through the horrors of the Abyss.
 62475 | Pan      | Took an exit into the Abyss.
 62475 | Abyss:1  | Escaped into the Abyss
 62475 | Abyss:1  | Found a corrupted altar of Lugonu.
 62775 | Abyss:1  | Paralysed by accursed screaming for 1 turns
 62789 | Abyss:1  | Noticed an ancient lich
 62800 | Abyss:1  | Paralysed by accursed screaming for 1 turns
 62806 | Abyss:1  | HP: 10/232 [Tzitzimitl[an ancient lich] (13)]
 62806 | Abyss:1  | HP: 2/232 [starcursed mass/accursed screaming (8)]
 62808 | Abyss:1  | Slain by a quicksilver dragon simulacrum

Skill      XL: |  1  2  3  4  5  6  7  8  9 10 11 12 13 14 15 16 17 18 19 20 21 22 23 24 |
---------------+-------------------------------------------------------------------------+-----
Long Blades    | 3 4 5 6 7 8 10 11 12 13 15 16 18 | 18.1
Fighting       | 4 5 6 7 9 10 11 12 13 14 16 17 19 20 21 22 | 22.3
Armour         | 4 5 6 8 10 12 13 14 16 | 16.7
Invocations    | 5 8 9 10 11 13 14 16 17 18 | 18.7
Evocations     | 3 5 |  5.1
Shields        | 5 7 9 10 12 16 19 21 22 | 22.5
Dodging        | 3 7 11 12 | 12.6

Action                   |  1- 3 |  4- 6 |  7- 9 | 10-12 | 13-15 | 16-18 | 19-21 | 22-24 || total
-------------------------+-------+-------+-------+-------+-------+-------+-------+-------++-------
Melee: Long sword        |    73 |   150 |   277 |       |   691 |    18 |       |   508 ||  1717
       Scimitar          |       |       |   130 |   796 |  1275 |  2077 |  2819 |  1845 ||  8942
Invok: Recite            |       |       |    23 |     9 |    56 |    65 |    32 |    53 ||   238
       Vitalisation      |       |       |     1 |    10 |    12 |     9 |     7 |     5 ||    44
       Sanctuary         |       |       |       |       |     7 |     3 |     2 |     9 ||    21
       Imprison          |       |       |       |       |       |    11 |     1 |       ||    12
Evoke: Wand              |       |       |       |     1 |     3 |    10 |       |     9 ||    23
       Phial of floods   |       |       |       |       |       |     1 |       |       ||     1
       Disc of storms    |       |       |       |       |       |       |     1 |       ||     1
  Use: Scroll            |     2 |     6 |     6 |    13 |    14 |    22 |    13 |     5 ||    81
       Potion            |       |     4 |     8 |     4 |     3 |    10 |     5 |     7 ||    41
 Stab: Invisible         |       |       |     3 |       |     5 |       |       |     1 ||     9
       Confused          |       |       |     2 |       |    20 |     9 |     9 |    25 ||    65
       Paralysed         |       |       |       |     1 |    27 |     2 |     8 |     7 ||    45
       Distracted        |       |       |       |       |       |       |     1 |       ||     1
  Eat: Chunk             |       |     5 |     7 |    11 |    17 |     8 |    16 |       ||    64
       Beef jerky        |       |       |     2 |     6 |     2 |     4 |       |     1 ||    15
       Meat ration       |       |       |     1 |       |     5 |     4 |     2 |     3 ||    15
       Pizza             |       |       |     1 |     1 |     2 |       |       |     2 ||     6
       Fruit             |       |       |       |       |       |     9 |    25 |     8 ||    42
       Bread ration      |       |       |       |       |       |     1 |       |       ||     1
       Royal jelly       |       |       |       |       |       |       |       |     7 ||     7
Armor: Scale mail        |    26 |    50 |       |       |       |       |       |       ||    76
       Chain mail        |       |    38 |   227 |    29 |       |       |       |       ||   294
       Plate armour      |       |       |       |   462 |   929 |  1048 |  1043 |   656 ||  4138
Dodge: Dodged            |    19 |    45 |    82 |   152 |   653 |   998 |  1738 |   940 ||  4627
Block: Shield            |    37 |    75 |   197 |   476 |  1111 |  1253 |  1287 |       ||  4436
       Large shield      |       |       |       |       |       |       |   601 |  2408 ||  3009
